 Dungeon Crawl Stone Soup version 0.31.0-9-g3a7656b989 (webtiles) character file.

Game seed: 17049273303666116790

223 qw the Shooter (level 5, 0/26 HPs)
             Began as a Spriggan Hunter on Feb 2, 2024.
             Slain by Edmund
             ... wielding a +2 heavy dire flail
              (17 damage)
             ... on level 4 of the Dungeon.
             The game lasted 00:00:07 (2242 turns).

qw the Shooter (Spriggan Hunter)                    Turns: 2242, Time: 00:00:08

Health: 0/26       AC:  3    Str:  7    XL:     5   Next: 66%
Magic:  6/6        EV: 20    Int: 11    God:
Gold:   203        SH:  0    Dex: 20    Spells: 4/4 levels left

rFire   . . .        d - +4 orcbow
rCold   . . .        (shield currently unavailable)
rNeg    . . .        c - +1 robe
rPois   .            (helmet restricted)
rElec   .            (no cloak)
rCorr   .            (gloves unavailable)
SInv    +            (boots unavailable)
Will    +....        (no amulet)
Stlth   ++           j - ring of willpower
HPRegen 0.24/turn    (no ring)
MPRegen 0.10/turn

%: no passive effects
@: very quick
A: very small, no large weapons, unfitting armour, see invisible, speed 3
a: no special abilities


You were on level 4 of the Dungeon.
You visited 1 branch of the dungeon, and saw 4 of its levels.

You collected 203 gold pieces.


Innate Abilities, Weirdness & Mutations

You are very small and have problems with some larger weapons.
You are too small for most types of armour.
You have supernaturally acute eyesight. (SInv)
You cover ground extremely quickly. (Speed+++)


   Skills:
 - Level 2.0 Fighting
 - Level 6.0 Ranged Weapons
 + Level 5.0 Dodging
 - Level 1.5 Stealth


You had 4 spell levels left.
You didn't know any spells.
Your spell library was empty.

Inventory:

Hand Weapons
 d - a +4 orcbow (weapon)
Armour
 c - a +1 robe (worn)
Jewellery
 j - a ring of willpower (left hand)
Wands
 h - a wand of roots (15)
Scrolls
 e - a scroll of identify
Potions
 a - a potion of mutation
 b - a potion of curing
 f - a potion of haste {unknown}
 i - a potion of heal wounds {unknown}

Dungeon Overview and Level Annotations

Branches:
Dungeon (4/15)
 Temple: D:4-7

Altars:
Ru
Zin

Annotations:
D:2 1 runed translucent door, Crazy Yiuf
D:4 Edmund


Message History

There is an open door here.
You open the door.
Found a stone staircase leading up.
Enter note:
There is an open door here.
A ball python comes into view.
Found a robe.
Enter note:
Enter note:
Enter note:
Enter note: You shoot an arrow.
The arrow hits the ball python.
You kill the ball python!
Edmund the Younger comes into view.
He is wielding a +2 heavy dire flail.
Found a runed cloak.
You shoot an arrow. The arrow hits Edmund.
Edmund shouts!
Edmund is lightly wounded.
You shoot an arrow.
The arrow hits Edmund but does no damage.
Edmund is lightly wounded.
You shoot an arrow. The arrow hits Edmund!
Edmund is moderately wounded.
You shoot an arrow. The arrow hits Edmund!
Edmund is heavily wounded.
You shoot an arrow.
The arrow hits Edmund but does no damage.
Edmund is heavily wounded.
Edmund hits you with a +2 heavy dire flail!
You shoot an arrow. The arrow hits Edmund.
Edmund is severely wounded.
Edmund barely misses you.
You shoot an arrow. The arrow hits Edmund.
Edmund is severely wounded.
You shoot an arrow. The arrow hits Edmund.
Edmund is almost dead.
Edmund hits you with a +2 heavy dire flail!
Ouch! That really hurt!
You die...
Edmund whines, "They better pay attention to me now!"

#.........
#.......#[#...
#.........
#.......#....
#.........
#.......#...#
#.##.##..#
#.......#...#
#.##.##'##
#.......#...#
#....<'...
#.......#...#
#.....#...
#%..........#
#.#######+ #.#.@...#
#.........
#.#.#@.....#.........
#...#..##..#.......##
###.#..[# #.......#.
#.#..## #.........
#.#.## #....#+...
#.#.. #....#..#.
#.#..#####....#..#.
#.# #..P.....# ..


You could see Edmund.

Vanquished Creatures
  An ogre (D:4)
  A bombardier beetle (D:3)
  Robin (D:3)
  4 adders
  A dart slug (D:3)
  A ribbon worm (D:3)
  An orc (D:3)
  7 ball pythons
  2 endoplasms
  3 giant cockroaches
  8 goblins
  4 hobgoblins
  3 jackals (D:1)
  A quokka (D:1)
  3 bats
  4 frilled lizards
  6 kobolds
  5 rats
56 creatures vanquished.

Notes
Turn   | Place    | Note
-------+----------+-------------------------------------------
     0 | D:1      | qw the Spriggan Hunter began the quest for the Orb.
     0 | D:1      | Reached XP level 1. HP: 10/10 MP: 2/2
     0 | D:1      | 0 ||| qw: Version: 0.3-a-155-g5e7d8dd
     0 | D:1      | 0 ||| qw: Game counter: 1228
     0 | D:1      | 0 ||| qw: Melee chars always use a shield: true
     0 | D:1      | 0 ||| qw: God list: Okawaru
     0 | D:1      | 0 ||| qw: Allow faded altars: false
     0 | D:1      | 0 ||| qw: Do Orc after clearing Dungeon:15 true
     0 | D:1      | 0 ||| qw: Do second Lair branch before Depths: true
     0 | D:1      | 0 ||| qw: Lair rune preference: random
     0 | D:1      | 0 ||| qw: Goals: Normal
     0 | D:1      | 0 ||| PLANNING D:1-11
    17 | D:1      | Reached skill level 3 in Dodging
   136 | D:1      | Reached XP level 2. HP: 10/14 MP: 3/3
   487 | D:1      | 487 ||| READING 2 scrolls labelled IZOUKH MELA.
   487 | D:1      | 487 ||| IDENTIFYING 2 black potions
   488 | D:1      | 488 ||| READING scroll of identify.
   488 | D:1      | 488 ||| IDENTIFYING scroll labelled PUGOJO YWNUY
   489 | D:1      | 489 ||| DROPPING scroll of butterflies.
   490 | D:1      | 490 ||| DROPPING 2 potions of lignification.
   491 | D:1      | 491 ||| DROPPING scroll of immolation.
   520 | D:2      | Reached XP level 3. HP: 17/18 MP: 4/4
   782 | D:2      | 782 ||| SWAPPING to +3 orcbow.
   783 | D:2      | 783 ||| DROPPING +0 shortbow.
   983 | D:2      | Found a runed translucent door.
   984 | D:2      | Noticed Crazy Yiuf
  1345 | D:2      | 1345 ||| READING 2 scrolls of identify.
  1345 | D:2      | 1345 ||| IDENTIFYING white potion
  1346 | D:2      | 1346 ||| READING scroll of identify.
  1346 | D:2      | 1346 ||| IDENTIFYING fuming purple potion
  1391 | D:3      | Found a glowing silver altar of Zin.
  1392 | D:3      | Found a sacrificial altar of Ru.
  1412 | D:3      | Reached skill level 5 in Ranged Weapons
  1489 | D:3      | Reached XP level 4. HP: 22/22 MP: 5/5
  1770 | D:3      | Noticed Robin
  1776 | D:3      | Killed Robin
  1817 | D:3      | Reached XP level 5. HP: 26/26 MP: 6/6
  2034 | D:3      | 2034 ||| UPGRADING to ring of willpower.
  2035 | D:3      | 2035 ||| READING scroll labelled FUHITO LIBUO.
  2035 | D:3      | 2035 ||| ENCHANTING +0 robe.
  2036 | D:3      | 2036 ||| READING scroll labelled ZOASUMM DIORISM.
  2037 | D:3      | 2037 ||| READING scroll labelled YSHOLO UZ HITZ.
  2037 | D:3      | 2037 ||| ENCHANTING +3 orcbow.
  2158 | D:4      | Noticed an ogre
  2163 | D:4      | Killed an ogre
  2164 | D:4      | Reached skill level 6 in Ranged Weapons
  2234 | D:4      | Noticed Edmund
  2242 | D:4      | Slain by Edmund

Levels and vault maps discovered:
D:1:      dpeg_arrival_short_road, layout_basic
D:2:      layout_basic, uniq_crazy_yiuf_cottage
D:3:      layout_loops_ring, mainiacjoe_overflow_divided_tiny, uniq_robin
D:4:      layout_gridville, st_stairs_5, sigmund_edmund_badplayer

Skill      XL: |  1  2  3  4  5 |
---------------+----------------+-----
Dodging        | 3 4 5 |  5.0
Ranged Weapons | 5 6 |  6.0
Fighting       | 2 |  2.0
Stealth        | |  1.5

Action                     |  1- 3 |  4- 6 || total
---------------------------+-------+-------++-------
   Fire: Shortbow          |    65 |       ||    65
         Orcbow            |    30 |    46 ||    76
    Use: Scroll            |     4 |     3 ||     7
 Armour: Robe              |     7 |     4 ||    11
  Dodge: Dodged            |    52 |     4 ||    56

Table legend:
 A = Non-vault XP
 B = Vault XP
 C = Vault XP percentage of total XP
 D = Non-vault monster count
 E = Vault monster count
 F = Vault count percentage of total count
                 A         B        C        D         E       F
            +---------+---------+-------+---------+---------+-------
      Total |     171 |     148 |  46.4 |      47 |       9 |  16.1
            +---------+---------+-------+---------+---------+-------
        D:1 |      34 |       0 |   0.0 |      21 |       0 |   0.0
        D:2 |      46 |       0 |   0.0 |       7 |       0 |   0.0
        D:3 |      88 |      28 |  24.1 |      17 |       7 |  29.2
        D:4 |       3 |     120 |  97.6 |       2 |       2 |  50.0
            +---------+---------+-------+---------+---------+-------
